AoeStats
← den svarte mannen

Nomad

510597803Analyzed
2v2 RM · 11h ago on Oct 1, 2026· 22m 56s· 4 players
Game mode
Random Map
Map size
176×176
Population
200
Speed
Normal
Resources
Standard
Victory
Conquest
Starting age
Dark Age
Ending age
Imperial Age
RankedLock teamsTeams togetherTeam positionsShared explorationLock speedFull tech treeHidden civsTurbo modeCheats
Victory
Defeat
🇸🇪 Georgians · Sweden
1358
+15
🇸🇪 Mongols · Sweden
1323
+17
🇺🇸 Teutons · United States
1364
-17
🇫🇷 Italians · France
1308
-15
den svarte mannen
4:33 Loom
13:21 Feudal Age
19:33 Castle Age
20:29 Forging
20:44 Medium Warships
21:17 Double-Bit Axe
Den gröne mannen
5:02 Loom
12:09 Feudal Age
12:43 Double-Bit Axe
16:57 Fletching
19:10 Castle Age
17:49 Fletching
20:07 Crossbowman
Sacks910
4:35 Loom
13:41 Feudal Age
15:48 Double-Bit Axe
20:40 Castle Age
19:22 Padded Archer Armor
19:42 Fletching
Underwear
4:54 Loom
13:00 Feudal Age
13:42 Double-Bit Axe
22:32 Castle Age
20:23 Horse Collar
22:05 Scale Barding Armor
Connection lost

Rejoining the realm…

Still unreachable

The connection could not be restored.

Session expired

The server has moved on; the page needs a fresh start.